Map: Dusk Towers

Players

LilDicky

  • Race: Terran Terran
  • League: Diamond

Turtle - Winner!

  • Race: Terran Terran
  • League: Diamond

VOD

http://www.twitch.tv/tumescentpie

Description

Time

  • Played on: Jan. 1, 2016, 10:23 p.m.
  • Length: 7:43
Show
View Real Time Build Order
Export as new Build Order

LilDicky Terran 

Build Orders: Liberator Opening 

Get SALT Encoding   

  12  0:01  SCV  
  13  0:13  SCV  
  14  0:17  Supply Depot  
  14  0:25  SCV  
  15  0:35  Refinery  
  15  0:39  SCV  
  16  0:45  Barracks  
  16  0:51  SCV  
  17  1:03  SCV  
  18  1:15  SCV  
  19  1:23  Supply Depot  
  19  1:27  SCV  
  20  1:33  Marine  
  20  1:38  Refinery  
  21  1:40  Orbital Command  
  21  1:48  Factory  
  21  1:51  Marine  
  22  2:08  SCV, Marine  
  24  2:20  SCV  
  25  2:31  Marine  
  25  2:32  SCV  
  25  2:33  Factory Tech Lab  
  27  2:37  Starport  
  27  2:45  SCV  
  27  2:46  Supply Depot  
  29  2:54  Siege Tank  
  29  2:56  Liberator  
  31  3:04  Supply Depot  
  31  3:08  SCV, Marine  
  33  3:19  Supply Depot  
  36  3:31  SCV, Marine  
  38  3:39  Siege Tank  
  41  3:43  SCV  
  42  3:49  Marine  
  42  3:50  Engineering Bay  
  42  3:55  SCV  
  44  4:00  Viking  
  46  4:07  SCV  
  47  4:11  Siege Tank  
  50  4:20  Command Center  
  50  4:22  SCV  
  50  4:23  Marine  
  52  4:30  Viking  
  54  4:33  Missile Turret  
  54  5:00  Missile Turret  
  54  5:03  Missile Turret  
  54  5:16  SCV  
  53  5:30  Siege Tank  
  23  6:02  Widow Mine  
  15  6:31  Siege Tank  
  14  7:03  SCV  
Show
View Real Time Build Order
Export as new Build Order

Turtle Terran - Winner!

Build Orders: Reaper Expand, Mech 

Get SALT Encoding   

  12  0:00  SCV  
  13  0:12  SCV  
  14  0:17  Supply Depot  
  14  0:25  SCV  
  15  0:39  SCV  
  15  0:41  Barracks  
  16  0:44  Refinery  
  16  0:51  SCV  
  17  1:03  SCV  
  18  1:27  Orbital Command  
  18  1:29  Reaper  
  19  1:40  Command Center  
  19  1:50  Supply Depot  
  19  1:53  SCV  
  20  2:06  Barracks Reactor  
  20  2:11  Refinery  
  20  2:19  SCV  
  21  2:23  Factory  
  20  2:31  SCV  
  20  2:35  Engineering Bay  
  21  2:43  SCV  
  22  2:44  Marine  
  22  2:45  Marine  
  24  2:52  Orbital Command  
  24  2:55  SCV  
  25  3:07  SCV  
  25  3:10  Starport  
  26  3:14  Hellion x2  
  26  3:16  Barracks Tech Lab  
  26  3:18  SCV  
  31  3:20  SCV  
  31  3:26  Missile Turret  
  32  3:32  Missile Turret  
  32  3:35  SCV x2  
  32  3:39  Hellion  
  36  3:44  Hellion  
  38  3:53  Supply Depot, Medivac  
  40  3:59  SCV x2  
  42  4:04  Barracks Tech Lab  
  42  4:06  Liberator  
  42  4:10  Hellion  
  42  4:11  SCV x2  
  42  4:15  Hellion  
  48  4:17  Supply Depot  
  48  4:23  SCV  
  52  4:28  SCV  
  53  4:35  SCV  
  54  4:43  Hellion  
  54  4:45  Marine  
  59  4:50  Hellion  
  59  4:51  Factory x2  
  59  4:57  SCV x2  
  61  5:03  Supply Depot  
  61  5:05  Supply Depot  
  61  5:07  Supply Depot  
  59  5:26  SCV x2  
  61  5:29  Viking  
  63  5:36  Marine  
  63  5:38  Hellion  
  57  5:59  Hellion  
  49  6:12  Factory Tech Lab  
  49  6:15  Starport Reactor  
  40  6:26  Hellion, Siege Tank  
  40  6:32  SCV x2  
  47  6:37  Command Center  
  43  6:47  Siege Tank  
  43  6:50  SCV x2  
  43  6:53  Viking  
  50  7:12  Factory Reactor  
  50  7:18  Refinery x2  
Tags
 
Add a new tag
Caveats
  • Supply blocks, unpowered buildings, or Contaminate may cause inaccurate times.
  • Supply counts are checked every 10 seconds.